 Dungeon Crawl Stone Soup version 0.17.1-1-g73c8601 (webtiles) character file.

171 shmeve the Shield-Bearer (level 5, -10/42 HPs)
             Began as a Formicid Fighter on Apr 18, 2016.
             Engulfed by a cloud of freezing vapour (23 damage)
             ... on level 5 of the Dungeon.
             The game lasted 00:05:22 (1868 turns).

shmeve the Shield-Bearer (Formicid Fighter)         Turns: 1868, Time: 00:05:22

Health: -10/42     AC: 11    Str: 21    XL:     5   Next: 81%
Magic:  5/5        EV:  5    Int:  8    God:
Gold:   128        SH:  9    Dex: 10    Spells: 0 memorised, 4 levels left

rFire  . . .     SeeInvis +     a - +0 war axe
rCold  . . .     Clarity  .     h - +0 plate armour
rNeg   . . .     SustAt   .     c - +0 shield
rPois  .         Gourm    .     (helmet unavailable)
rElec  .         Spirit   .     (no cloak)
rCorr  .         Warding  .     (no gloves)
rMut   .         Stasis   +     (no boots)
MR     .....                    (no amulet)
Stlth  ..........               (no ring)
                                (no ring)

@: not resistant to hostile enchantments, extremely unstealthy
A: permanent stasis, dig shafts and tunnels, four strong arms, antennae 3
a: Dig, Shaft Self


You were on level 5 of the Dungeon.
You were hungry.

You visited 1 branch of the dungeon, and saw 4 of its levels.

You collected 128 gold pieces.

Inventory:

Hand Weapons
 a - a +0 war axe (weapon)
Armour
 c - a +0 shield (worn)
 h - a +0 plate armour (worn)
Scrolls
 f - 4 scrolls of identify
 i - a scroll of amnesia
Potions
 d - a potion of might
 g - 2 potions of lignification
 j - 2 potions of degeneration {unknown}
 k - a potion of invisibility
 l - a potion of beneficial mutation {unknown}
 q - 2 potions of heal wounds {unknown}
Comestibles
 b - a meat ration
 e - 3 bread rations
 m - 2 slices of pizza
 n - 5 fruits


   Skills:
 * Level 4.1 Fighting
 * Level 3.4 Axes
 + Level 3.7 Armour
 + Level 1.4 Dodging
 * Level 4.8 Shields


You had 4 spell levels left.
You didn't know any spells.

Dungeon Overview and Level Annotations

Branches:
Dungeon (5/15)
 Temple: D:4-7

Altars:
Sif Muna
Xom
The Shining One


Innate Abilities, Weirdness & Mutations

You are under a permanent stasis effect.
You can dig through walls and to a lower floor.
Your four strong arms can wield two-handed weapons with a shield.
You have a pair of large antennae on your head (SInv).


Message History

The kobold hits you but does no damage.
There is an open door here.
You slash the kobold!
You kill the kobold!
Things that are here:
a dagger; a kobold corpse
There is an open door here.
You see here a club.
Found a deep blue altar of Sif Muna.
m - 2 slices of pizza (gained 1)
You sense a monster nearby.
You enter a teleport trap!
The teleport trap disappears.
You fall through a shaft for 2 floors!
The shaft crumbles and collapses.
You are engulfed in freezing vapours.
You are feeling hungry.
Found 53 gold pieces and 12 arrows of flame.
You are engulfed in freezing vapours.
You are engulfed in freezing vapours.
Ouch! That really hurt!
You die...

################
################
§§§§§§§§§§§§§$$$
################
§§§§§§§§@§§§§§§.
##############8+
######.#.######(
#....{ ......
#.#....#
........
..........


There were no monsters in sight!

Vanquished Creatures
  Ijyb (D:2)
  Jessica (D:2)
  Robin (D:2)
  4 gnolls (D:2)
  A worm (D:3)
  2 giant geckos
  An orc (D:3)
  10 hobgoblins
  8 jackals
  2 quokkas (D:3)
  6 bats
  2 giant newts
  8 goblins
  8 kobolds
  6 rats
61 creatures vanquished.

Notes
Turn   | Place    | Note
--------------------------------------------------------------
     0 | D:1      | shmeve the Formicid Fighter began the quest for the Orb.
     0 | D:1      | Reached XP level 1. HP: 18/18 MP: 1/1
   200 | D:1      | Reached XP level 2. HP: 24/24 MP: 2/2
   240 | D:1      | Reached skill level 4 in Shields
   456 | D:1      | Reached XP level 3. HP: 29/29 MP: 3/3
   664 | D:2      | Noticed Robin
   668 | D:2      | Killed Robin
   690 | D:2      | Reached XP level 4. HP: 32/37 MP: 4/4
   756 | D:2      | Found a glowing golden altar of the Shining One.
   959 | D:2      | Noticed Jessica
   977 | D:2      | Killed Jessica
   977 | D:2      | Reached skill level 1 in Dodging
  1300 | D:2      | Reached XP level 5. HP: 29/42 MP: 5/5
  1450 | D:2      | Noticed Ijyb
  1457 | D:2      | Killed Ijyb
  1554 | D:3      | Found a shimmering altar of Xom.
  1556 | D:3      | Found a shimmering altar of Xom.
  1558 | D:3      | Found a shimmering altar of Xom.
  1832 | D:3      | Found a deep blue altar of Sif Muna.
  1866 | D:3      | You fall through a shaft for 2 floors!
  1866 | D:5      | Entered Level 5 of the Dungeon
  1868 | D:5      | Engulfed by a cloud of freezing vapour

Action                   |  1- 3 |  4- 6 || total
-------------------------+-------+-------++-------
Melee: War axe           |    97 |    88 ||   185
  Use: Scroll            |       |     6 ||     6
  Eat: Chunk             |       |     3 ||     3
